Map: 黄金之柱-天梯版

Players

Cyan - Winner!

  • Race: Protoss Protoss

TIME (Oliveira)

  • Race: Terran Terran

Event: DreamHack SC2 Masters 2020 Summer China

VOD

Have the link to the VOD?

Description

Time

  • Played on: July 4, 2020, 8:18 a.m.
  • Length: 6:49

All games in this series

Show
View Real Time Build Order
Export as new Build Order

Cyan Protoss - Winner!

Build Orders: 1 Gate Expand, Blink Stalkers 

Get SALT Encoding   

  12  0:00  Probe  
  13  0:12  Probe  
  14  0:18  Pylon  
  14  0:24  Probe  
  15  0:32  Probe  
  15  0:38  Gateway  
  15  0:40  Probe  
  16  0:47  Assimilator  
  17  0:51  Probe  
  18  1:03  Probe  
  19  1:15  Probe  
  20  1:27  Cybernetics Core  
  20  1:35  Nexus  
  20  1:41  Probe  
  20  1:46  Pylon  
  21  1:53  Probe  
  21  1:54  Adept, Assimilator  
  22  2:05  Probe  
  22  2:07  Warp Gate  
  25  2:14  Probe  
  25  2:19  Pylon  
  25  2:23  Probe  
  25  2:24  Stalker  
  28  2:31  Probe  
  29  2:41  Twilight Council  
  29  2:44  Probe  
  30  2:46  Probe  
  31  2:57  Probe  
  32  2:59  Probe  
  32  3:03  Gateway  
  33  3:09  Blink, Probe  
  33  3:11  Probe  
  35  3:21  Probe  
  35  3:24  Probe  
  37  3:30  Robotics Facility  
  37  3:33  Probe  
  38  3:42  Probe  
  38  3:46  Gateway  
  38  3:47  Gateway  
  39  3:52  Probe  
  40  3:56  Probe  
  40  3:58  Stalker  
  40  3:59  Stalker  
  45  4:04  Probe  
  45  4:05  Warp Prism  
  45  4:08  Probe, Pylon  
  49  4:18  Probe  
  49  4:20  Probe  
  51  4:26  Stalker  
  51  4:28  Stalker  
  53  4:31  Probe  
  53  4:33  Assimilator  
  53  4:34  Observer  
  53  4:36  Pylon  
  54  4:45  Stalker x2  
  59  4:48  Probe  
  60  4:52  Pylon  
  60  5:01  Stalker  
  60  5:02  Stalker  
  60  5:05  Pylon  
  64  5:10  Stalker x2  
  64  5:13  Probe x2  
  68  5:42  Stalker x3  
  70  5:43  Stalker  
  56  6:04  Probe  
  56  6:08  Probe  
  56  6:09  Nexus  
  58  6:11  Stalker x3  
  58  6:12  Stalker, Assimilator  
  58  6:16  Probe  
  67  6:21  Probe  
  66  6:34  Stalker  
  66  6:35  Stalker x3  
Show
View Real Time Build Order
Export as new Build Order

TIME Terran 

Build Orders:  

Get SALT Encoding   

  12  0:00  SCV  
  13  0:13  SCV  
  14  0:20  Supply Depot  
  14  0:25  SCV  
  15  0:42  SCV, Barracks  
  16  0:46  Refinery  
  16  0:54  SCV  
  17  1:06  SCV  
  18  1:18  SCV  
  19  1:30  Reaper, SCV  
  21  1:35  Command Center  
  21  1:48  Orbital Command  
  21  1:55  Supply Depot  
  21  2:02  Marine  
  22  2:10  Factory  
  22  2:14  SCV  
  22  2:20  Marine  
  23  2:27  Bunker, SCV  
  24  2:32  Refinery  
  24  2:39  SCV  
  24  2:40  Barracks Reactor  
  25  2:51  SCV  
  26  2:58  Orbital Command  
  26  3:00  Widow Mine  
  26  3:03  SCV  
  29  3:07  Starport  
  29  3:15  Marine, SCV  
  29  3:16  Marine  
  32  3:22  Factory Tech Lab  
  32  3:25  SCV  
  33  3:27  SCV  
  34  3:35  Marine x2  
  34  3:37  SCV  
  37  3:48  SCV, Factory Tech Lab  
  37  3:49  SCV  
  37  3:50  Supply Depot  
  37  3:52  Raven  
  37  3:53  Marine x2  
  42  4:00  SCV  
  42  4:01  SCV  
  44  4:10  Command Center  
  44  4:12  SCV  
  44  4:15  Siege Tank, Marine  
  44  4:17  SCV  
  50  4:18  Marine  
  51  4:24  SCV  
  51  4:29  Supply Depot, SCV  
  53  4:39  Barracks  
  53  4:40  SCV  
  53  4:43  Barracks  
  54  4:50  Marine, SCV  
  56  4:53  Supply Depot, SCV  
  56  4:58  Siege Tank  
  60  5:02  SCV  
  60  5:05  SCV  
  60  5:07  Engineering Bay  
  62  5:09  Engineering Bay  
  62  5:12  Refinery  
  62  5:15  Marine, SCV  
  62  5:16  Refinery  
  62  5:18  SCV  
  62  5:19  Starport Reactor  
  65  5:25  Orbital Command  
  59  5:32  Siege Tank  
  50  5:47  Marauder, Marine  
  50  5:48  SCV  
  44  5:50  SCV  
  38  5:57  SCV  
  38  5:58  Marine  
  38  6:00  SCV  
  38  6:03  SCV  
  39  6:04  Marine  
  39  6:09  SCV  
  40  6:13  SCV  
  40  6:14  Marauder  
  40  6:15  Marine, SCV  
  45  6:21  SCV  
  45  6:22  Marine  
  45  6:25  SCV  
  46  6:26  Marine  
  46  6:28  SCV  
  46  6:31  Marine  
Tags
 
Add a new tag
Caveats
  • Supply blocks, unpowered buildings, or Contaminate may cause inaccurate times.
  • Supply counts are checked every 10 seconds.